 Dungeon Crawl Stone Soup version 0.22.1-2-g9c5b331383 (webtiles) character file.

2363143 Gunterle the Sorcerer (level 27, 171/171 HPs)
             Began as a Spriggan Enchanter on Dec 4, 2018.
             Was the Champion of Jiyva.
             Escaped with the Orb
             ... and 5 runes on Dec 8, 2018!
             The game lasted 16:46:15 (111721 turns).

Gunterle the Sorcerer (Spriggan Enchanter)        Turns: 111721, Time: 16:46:15

Health: 171/171    AC: 15    Str: 10    XL:     27
Magic:  52/52      EV: 38    Int: 28    God:    Jiyva [******]
Gold:   2054       SH:  0    Dex: 19    Spells: 2/74 levels left

rFire    + + +     SeeInvis +   D - +18 lance "Wyrmbane" {slay drac, rPois rF+ rC+ AC+3}
rCold    + + +     Gourm    .   (shield restricted)
rNeg     + + .     Faith    .   K - +1 robe of the Lotus Blossom {rF+ rCorr Int+3} (curse)
rPois    +         Spirit   .   I - -2 hat of the Alchemist {rElec rPois rF+ rC+ rN+ MR+ rMut rCorr}
rElec    +         Reflect  .   n - scarf {rC+ rF+}
rCorr    +         Harm     .   (gloves unavailable)
rMut     +         Clarity  +   (boots unavailable)
MR       +++++                  c - amulet of the Four Winds {rN+ MR+++ Clar}
Stlth    +++.......             M - ring of Robustness {AC+8}
HPRegen  0.38/turn              J - ring of wizardry
MPRegen  0.33/turn

@: very quick
A: very small, unfitting armour, antennae 1, fangs 1, slimy green scales 1, thin
skeletal structure 1, see invisible, agile 1, herbivore, speed 3, robust 1, slow
metabolism 2, acidic bite, eyeballs 2, gelatinous body 1
0: Orb of Zot
}: 5/15 runes: barnacled, slimy, silver, abyssal, gossamer
a: Request Jelly, Slimify, Cure Bad Mutation, Renounce Religion


You escaped.
You worshipped Jiyva.
Jiyva was exalted by your worship.
You were very full.

You visited 14 branches of the dungeon, and saw 60 of its levels.
You visited the Abyss 1 time.
You also visited: Ossuary.

You collected 24899 gold pieces.
You spent 15735 gold pieces at shops.
You paid 7110 gold pieces to Gozag.

Inventory:

Hand Weapons
 D - the +18 lance "Wyrmbane" (weapon) {slay drac, rPois rF+ rC+ AC+3}
   (You found it on level 13 of the Dungeon)

   It affects your AC (+3).
   It protects you from fire.
   It protects you from cold.
   It protects you from poison.
 Q - the +10 dagger "Goblin's Peril" {pierce, rElec}
   (You bought it in a shop on level 10 of the Dungeon)

   It inflicts extra damage upon your enemies.
   It insulates you from electricity.
Armour
 e - the +3 crown of Dyrovepreva {rElec Int+2 SInv}
   (You found it on level 5 of the Vaults)

   It affects your intelligence (+2).
   It insulates you from electricity.
   It lets you see invisible.
 n - a scarf of resistance (worn)
 I - the -2 hat of the Alchemist (worn) {rElec rPois rF+ rC+ rN+ MR+ rMut rCorr}
   (You bought it in a shop on level 9 of the Dungeon)

   It protects you from fire.
   It protects you from cold.
   It insulates you from electricity.
   It protects you from poison.
   It protects you from negative energy.
   It affects your resistance to hostile enchantments.
   It provides partial protection from all sources of acid and corrosion.
   It protects you from mutation.
 K - the cursed +1 robe of the Lotus Blossom (worn) {rF+ rCorr Int+3}
   (You found it on level 3 of the Elven Halls)

   It affects your intelligence (+3).
   It protects you from fire.
   It provides partial protection from all sources of acid and corrosion.
   It has a curse placed upon it.
Magical Staves
 h - an uncursed staff of wizardry
 W - an uncursed staff of energy
Jewellery
 b - the amulet of Vitality {Regen+ HP+15}
   (You bought it in a shop on level 9 of the Dungeon)

   [amulet of regeneration]

   It affects your health (+15).
   It increases your rate of regeneration.
 c - the amulet of the Four Winds (around neck) {rN+ MR+++ Clar}
   (You bought it in a shop on level 9 of the Dungeon)

   [amulet of nothing]

   It protects you from negative energy.
   It affects your resistance to hostile enchantments.
   It protects you against confusion.
 l - a +4 ring of evasion {unknown}
 s - the ring of the Messenger {rF+ Int+4}
   (You bought it in a shop on level 9 of the Dungeon)

   [ring of intelligence]

   It affects your intelligence (+4).
   It protects you from fire.
 J - a ring of wizardry (right hand)
 M - the ring of Robustness (left hand) {AC+8}
   (You bought it in a shop on level 9 of the Dungeon)

   [ring of protection]

   It affects your AC (+8).
Wands
 u - a wand of digging (25)
 x - a wand of acid (13)
 N - a wand of polymorph (12)
 U - a wand of clouds (6)
Scrolls
 a - 8 scrolls of vulnerability
 i - a scroll of blinking
 j - 21 scrolls of remove curse
 k - 10 scrolls of amnesia
 o - 9 scrolls of fear
 p - 4 scrolls of summoning
 q - 20 scrolls of teleportation
 y - 7 scrolls of fog
 E - 8 scrolls of immolation
 F - a scroll of brand weapon
 H - 4 scrolls of magic mapping
 O - 2 scrolls of torment
 P - 5 scrolls of holy word
 S - 5 scrolls of enchant armour
 X - 22 scrolls of identify
 Y - 3 scrolls of enchant weapon
Potions
 g - 16 potions of curing
 m - a potion of agility
 z - 10 potions of flight
 A - a potion of magic
 C - 3 potions of resistance
 G - 6 potions of cancellation
 Z - 11 potions of mutation
Miscellaneous
 r - 6 boxes of beasts
 t - a phial of floods
 L - a lamp of fire
 R - a lightning rod (4/4)
 T - a fan of gales
 V - 2 phantom mirrors
Comestibles
 d - 59 rations


   Skills:
 * Level 19.8 Fighting
 - Level 10.0 Short Blades
 - Level 12.0 Polearms
 + Level 22.3 Dodging
 - Level 16.5 Stealth
 * Level 24.4 Spellcasting
 + Level 10.3 Conjurations
 + Level 21.8 Hexes
 - Level 4.7 Charms
 - Level 4.6 Translocations
 * Level 21.0 Earth Magic
 + Level 5.6 Evocations


You had 2 spell levels left.
You knew the following spells:

 Your Spells              Type           Power        Failure   Level  Hunger
a - Spectral Weapon       Hex/Chrm       #######.     0%          3    None
b - Ensorcelled Hibernat  Hex/Ice        ######       0%          2    None
c - Confuse               Hex            ########     0%          3    None
d - Tukima's Dance        Hex            ########     0%          3    None
e - Stone Arrow           Conj/Erth      ######       0%          3    None
f - Lee's Rapid Deconstr  Erth           ########..   0%          5    None
g - Iron Shot             Conj/Erth      #######...   1%          6    None
h - Apportation           Tloc           ######       1%          1    None
i - Silence               Hex/Air        #######...   1%          5    None
j - Passwall              Tmut/Erth      #######.     0%          2    None
k - Yara's Violent Unrav  Hex/Tmut       #######...   1%          5    None
l - Discord               Hex            ########..   1%          8    ####...
m - Borgnjor's Vile Clut  Necr/Erth      #######...   1%          5    None
n - Lehudib's Crystal Sp  Conj/Erth      #######...   4%          8    ####...
o - Invisibility          Hex            ########     0%          6    None
p - Passage of Golubria   Tloc           N/A          1%          4    None
q - Regeneration          Chrm/Necr      #####.....   1%          3    None

Your spell library contained the following spells:

 Spells                   Type           Power        Failure   Level  Hunger
 Confusing Touch          Hex            ######       0%          1    None
 Corona                   Hex            #######      0%          1    None
 Magic Dart               Conj           ####         0%          1    None
 Sandblast                Erth           ######       0%          1    None
 Searing Ray              Conj           ######       0%          2    None
 Slow                     Hex            ########     0%          2    None
 Animate Skeleton         Necr           N/A          1%          1    None
 Beastly Appendage        Tmut           ####..       1%          1    None
 Flame Tongue             Conj/Fire      #####        1%          1    None
 Freeze                   Ice            ####         1%          1    None
 Infusion                 Chrm           ####         1%          1    None
 Sting                    Conj/Pois      ####         1%          1    None
 Summon Butterflies       Summ           ####....     1%          1    None
 Summon Small Mammal      Summ           ####         1%          1    None
 Blink                    Tloc           N/A          1%          2    None
 Call Imp                 Summ           ####....     1%          2    None
 Corpse Rot               Necr           N/A          1%          2    None
 Poisonous Vapours        Pois/Air       ####..       1%          2    None
 Shroud of Golubria       Chrm/Tloc      ######....   1%          2    None
 Song of Slaying          Chrm           ######..     1%          2    None
 Sticks to Snakes         Tmut           ####....     1%          2    None
 Sublimation of Blood     Necr           ####......   1%          2    None
 Swiftness                Chrm/Air       #####...     1%          2    None
 Throw Flame              Conj/Fire      ######       1%          2    None
 Throw Frost              Conj/Ice       ######       1%          2    None
 Dazzling Spray           Conj/Hex       ######       0%          3    None
 Portal Projectile        Hex/Tloc       ######       0%          3    None
 Cause Fear               Hex            ########..   0%          4    None
 Fulminant Prism          Conj/Hex       #######...   0%          4    None
 Leda's Liquefaction      Hex/Erth       ########..   0%          4    None
 Darkness                 Hex            ########..   0%          6    None
 Call Canine Familiar     Summ           ####....     1%          3    None
 Conjure Flame            Conj/Fire      ######..     1%          3    None
 Gell's Gravitas          Tloc           ######....   1%          3    None
 Ignite Poison            Fire/Tmut/Pois ####....     1%          3    None
 Inner Flame              Hex/Fire       #######.     1%          3    None
 Mephitic Cloud           Conj/Pois/Air  ######..     1%          3    None
 Ozocubu's Armour         Chrm/Ice       #####...     1%          3    None
 Recall                   Summ/Tloc      N/A          1%          3    None
 Spider Form              Tmut/Pois      ####......   1%          3    None
 Static Discharge         Conj/Air       ######..     1%          3    None
 Summon Guardian Golem    Hex/Summ       #######.     1%          3    None
 Force Lance              Conj/Tloc      ######..     1%          4    None
 Iskenderun's Mystic Bla  Conj           #######.     1%          4    None
 Petrify                  Tmut/Erth      #######.     1%          4    None
 Sticky Flame             Conj/Fire      ######..     1%          4    None
 Throw Icicle             Conj/Ice       ######..     1%          4    None
 Bolt of Draining         Conj/Necr      ######....   1%          5    None
 Bolt of Magma            Conj/Fire/Erth #######...   1%          5    None
 Fireball                 Conj/Fire      ######....   1%          5    None
 Irradiate                Conj/Tmut      ######....   1%          5    None
 Iskenderun's Battlesphe  Conj/Chrm      ######..     1%          5    None
 Lightning Bolt           Conj/Air       ######....   1%          5    None
 Metabolic Englaciation   Hex/Ice        #######...   1%          5    None
 Summon Mana Viper        Hex/Summ       #######.     1%          5    None
 Venom Bolt               Conj/Pois      ######....   1%          5    None
 Statue Form              Tmut/Erth      #######..    1%          6    None
 Airstrike                Air            ####......   3%          4    None
 Ice Form                 Ice/Tmut       ####....     3%          4    None
 Olgreb's Toxic Radiance  Pois           ####....     3%          4    None
 Summon Ice Beast         Ice/Summ       ####....     3%          4    None
 Summon Lightning Spire   Summ/Air       ####....     3%          4    None
 Excruciating Wounds      Chrm/Necr      #####.....   4%          5    None
 Summon Forest            Summ/Tloc      #####.....   4%          5    None
 Orb of Destruction       Conj           #######...   4%          7    #......
 Shatter                  Erth           ########..   6%          9    ######.
 Bolt of Cold             Conj/Ice       ######....   7%          6    None
 Bolt of Fire             Conj/Fire      ######....   7%          6    None
 Conjure Ball Lightning   Conj/Air       ######....   7%          6    None
 Poison Arrow             Conj/Pois      ######....   7%          6    None
 Dispersal                Tloc           ######....   9%          6    None
 Agony                    Necr           ####....     11%         5    None
 Alistair's Intoxication  Tmut/Pois      ####....     11%         5    None
 Aura of Abjuration       Summ           ####......   11%         5    None
 Dispel Undead            Necr           ####....     11%         5    None
 Summon Demon             Summ           ####......   11%         5    None
 Freezing Cloud           Conj/Ice/Air   ######....   14%         6    None
 Deflect Missiles         Chrm/Air       #####.....   21%         6    None
 Spellforged Servitor     Conj/Summ      ######....   34%         7    #......
 Death Channel            Necr           ####......   45%         6    None
 Hydra Form               Tmut           ####......   45%         6    None
 Ozocubu's Refrigeration  Ice            ####......   45%         6    None
 Shadow Creatures         Summ           N/A          45%         6    None
 Simulacrum               Ice/Necr       ####......   45%         6    None
 Ring of Flames           Chrm/Fire      #####.....   71%         7    #......
 Chain Lightning          Conj/Air       ######....   94%         8    ####...
 Dragon Form              Tmut           ####......   95%         7    #......
 Haunt                    Necr/Summ      ####......   95%         7    #......
 Summon Hydra             Summ           ####......   95%         7    #......
 Borgnjor's Revivificati  Necr           ####......   100%        8    ####...
 Death's Door             Chrm/Necr      #####.....   100%        8    ####...
 Ignition                 Fire           ####......   100%        8    ####...
 Infestation              Necr           ####......   100%        8    ####...
 Necromutation            Tmut/Necr      ####......   100%        8    ####...
 Fire Storm               Conj/Fire      ######....   100%        9    ######.
 Glaciate                 Conj/Ice       ######....   100%        9    ######.
 Tornado                  Air            ####......   100%        9    ######.


Dungeon Overview and Level Annotations

Branches:
Dungeon (15/15)            Temple (1/1) D:4            Lair (6/6) D:9
 Shoals (4/4) Lair:2       Spider (4/4) Lair:4        Slime (5/5) Lair:5
    Orc (2/2) D:10            Elf (3/3) Orc:2        Vaults (5/5) D:14
  Crypt (3/3) Vaults:3       Tomb (0/3) Crypt:3      Depths (5/5) D:15
   Hell (1/1)                 Dis (0/7) Hell            Geh (1/7) Hell
    Coc (0/7) Hell            Tar (0/7) Hell            Zot (5/5) Depths:5

Altars:
Ashenzari
Cheibriados
Dithmenos
Elyvilon
Fedhas
Gozag
Hepliaklqana
Kikubaaqudgha
Makhleb
Nemelex Xobeh
Okawaru
Qazlal
Ru
Sif Muna
Trog
Uskayaw
Vehumet
Wu Jian
Xom
Yredelemnul
Zin
The Shining One
Beogh
Jiyva
Lugonu

Shops:
D:9 :==[?[   D:10 (   D:15 *   Orc:1 [=%[:   Orc:2 [[[!   Elf:1 [   Elf:3 [*%
Vaults:3 *   Depths:2 ==}*   Depths:3 (==:   Depths:4 (

Portals:
Hell: Depths:1 Depths:2 Depths:3 Depths:4 Depths:5
Abyss: Depths:1 Depths:4 Depths:5
Pandemonium: Depths:3 Depths:4
Ziggurat: Depths:1

Annotations:
Shoals:2 exclusions: downstairs and 2 more exclusions
Slime:5 Royal Jelly


Innate Abilities, Weirdness & Mutations

You are very small and have problems with some larger weapons.
You are too small for most types of armour.
You have supernaturally acute eyesight. (SInv)
You are a herbivore.
You cover ground extremely quickly.
You need to consume almost no food.
You have a pair of small antennae on your head.
You have very sharp teeth.
You are partially covered in slimy green scales. (AC +2)
You have a somewhat thin skeletal structure. (Dex +2, Stealth)
You are agile. (Dex +2)
You are robust. (+10% HP)
You have acidic saliva.
Your body has grown many golden eyes which may confuse attackers. (Acc +5)
Your rubbery body absorbs attacks. (AC +1, EV +1)


Message History

There is a stone staircase leading up here.
You climb upwards.
There is a stone staircase leading down here.
There is a stone staircase leading up here.
You climb upwards.
There is a stone staircase leading down here.
There is an escape hatch in the ceiling here.
A mysterious force pulls you upwards. The hatch slams shut behind you.
An Orb Guardian comes into view.
There is an open door here.
There is an open door here.
An iron imp comes into view.
The iron imp shouts, "Slither home, thou wayward weevil-witted sopling!"
You impale the iron imp!!
You kill the iron imp!
You enter the shallow water.
Moving in this stuff is going to be slow.
You see here a ring mail.
There is a staircase leading out of the dungeon here.
You have escaped!

#.# #.## #.
#.###########..# #.
#..............# #.
#..≈≈≈≈≈≈≈≈≈≈..###
#.
#..≈....[...≈....#
#.
#..≈.....X≈.≈.≈≈.#
##
#..≈.....≈.>≈..≈.# #
#..≈..≈≈.≈.≈≈..≈.##
#
#..≈..≈@.≈.....≈..#
#
##.≈≈.≈.≈≈.....≈..#
# #....≈........≈..#
# ####.≈≈≈≈≈≈≈≈≈≈..#
# #.............# #
##########.#..######
#..........
########### #


You could see an Orb Guardian.

Vanquished Creatures
  6 orbs of fire
  2 ancient liches (Zot:5)
  Bai Suzhen (Crypt:1)
  2 curse toes (Zot:5)
  4 Killer Klowns
  Geryon (Hell)
  Jory (Depths:4)
  15 golden dragons
  Nikola (Spider:2)
  Arachne (Spider:2)
  3 bone dragons
  the Enchantress (Depths:1)
  4 electric golems
  Rupert (Lair:5)
  22 tentacled monstrosities
  6 titans
  24 Orb Guardians (Zot:5)
  Asterion (Spider:2)
  5 quicksilver dragons
  4 deep elf blademasters
  A deep elf master archer (Elf:3)
  7 liches
  An Executioner (Abyss:2)
  2 tentacled starspawn (Abyss:2)
  2 ancient champions (Crypt:3)
  5 sphinxes
  6 death cobs
  2 draconian monks
  21 storm dragons
  4 tengu reavers
  Roxanne (Shoals:3)
  22 shadow dragons
  The ghost of karf the Bludgeoner, a journeyman MiBe of Trog (Elf:2)
  2 revenants
  7 frost giants
  13 fire giants
  3 vault wardens
  A cacodemon (Elf:1)
  5 emperor scorpions
  An orc warlord (Orc:2)
  5 draconian knights
  4 iron dragons
  13 ghost moths
  8 deep elf sorcerers
  Louise (D:14)
  3 draconian scorchers
  4 draconian shifters
  2 deep elf elementalists
  A curse skull (Crypt:3)
  3 ghouls
  3 spriggan defenders
  2 war gargoyles
  2 reapers (Hell)
  7 ironheart preservers
  2 draconian annihilators
  12 stone giants
  4 entropy weavers
  6 green draconians
  9 very ugly things
  7 deep elf annihilators
  7 vampire knights
  A white draconian (Zot:2)
  3 lorocyprocas
  7 deep elf demonologists
  11 starcursed masses
  7 purple draconians
  4 red draconians
  7 black draconians
  16 spark wasps
  3 yellow draconians
  A crystal guardian (Vaults:5)
  A green death (Depths:4)
  6 deep elf death magi
  8 ettins
  2 merfolk javelineers
  2 blizzard demons (Hell)
  Snorg (Lair:6)
  3 eidola
  12 fire dragons
  The ghost of Flure the Arsonist, a journeyman DEFE of Vehumet (Elf:1)
  4 merfolk impalers
  16 yaktaur captains
  20 jiangshi
  Josephine (D:10)
  14 ice dragons
  A caustic shrike simulacrum (Depths:4)
  4 deep elf high priests
  5 rakshasas
  A great orb of eyes (Vaults:2)
  10 hydras
  22 vault guards
  2 merfolk avatars (Shoals:2)
  Harold (D:9)
  A hell beast (Depths:1)
  3 spriggan air magi
  A juggernaut simulacrum (Depths:3)
  3 death knights
  A spectral fire giant (Crypt:3)
  11 centaur warriors
  3 ogre magi
  17 two-headed ogres
  5 deep troll earth magi
  A queen ant (Lair:2)
  23 dancing weapons
  An alligator (shapeshifter) (Depths:4)
  3 deep troll shamans
  6 tengu warriors
  2 satyrs
  6 spriggan berserkers
  5 vampire magi
  2 orc high priests (Orc:2)
  9 thrashing horrors
  16 deep elf knights
  A titan skeleton (Geh:1)
  4 soul eaters
  A fire crab (shapeshifter) (D:15)
  An iron troll (Depths:2)
  3 sun demons
  4 wretched stars
  A sixfirhy (Abyss:2)
  9 shadow wraiths
  31 skeletal warriors
  An anaconda zombie (Hell)
  An unseen horror (shapeshifter) (D:13)
  3 storm dragon skeletons
  7 unseen horrors
  8 flayed ghosts
  11 deep elf archers
  A salamander mystic (Depths:2)
  17 sea snakes
  2 spatial maelstroms
  2 obsidian statues
  11 deep trolls
  A gelid demonspawn (Depths:3)
  5 glowing orange brains
  2 harpies (shapeshifter)
  6 harpies
  17 orb spiders
  Pikel (D:8)
  A shadow dragon zombie (Crypt:1)
  4 wizards
  5 ironbrand convokers
  10 phantasmal warriors
  11 orc knights
  7 necromancers
  A wolf spider (shapeshifter) (Depths:1)
  2 sphinx zombies
  An iron dragon zombie (Crypt:1)
  A shambling mangrove (Abyss:4)
  6 orc sorcerers
  40 wolf spiders
  A frost giant zombie (Depths:3)
  9 ugly things
  44 deep elf magi
  14 cyclopes
  16 manticores
  A sphinx skeleton (Depths:3)
  20 fauns
  2 stone giant zombies
  A shadow dragon skeleton (Crypt:1)
  A human zombie (Vaults:2)
  3 oklob plants (Lair:2)
  2 salamanders
  A tengu skeleton (Vaults:2)
  A guardian serpent (shapeshifter) (Depths:4)
  22 moths of wrath
  3 merfolk sirens
  6 smoke demons
  5 worldbinders
  7 water nymphs
  A frost giant skeleton (Crypt:1)
  3 black mambas
  A water nymph (shapeshifter) (Depths:3)
  2 apocalypse crabs (Abyss:2)
  A rust devil (Depths:1)
  2 ice statues (Hell)
  A spriggan zombie (Depths:2)
  8 vault sentinels
  A torpor snail (Spider:1)
  A black mamba (shapeshifter) (Elf:1)
  An eye of devastation (shapeshifter) (Depths:3)
  4 gargoyles
  16 spiny frogs
  27 yaktaurs
  A dire elephant skeleton (Crypt:1)
  6 orange demons
  6 centaur skeletons
  A yaktaur zombie (Vaults:1)
  A redback zombie (Crypt:1)
  A spiny frog (shapeshifter) (Vaults:4)
  2 efreet
  4 rime drakes
  9 freezing wraiths
  7 komodo dragons
  2 kobold demonologists (D:15)
  A grey draconian skeleton (Crypt:1)
  21 demonic crawlers
  5 hellwings
  A black draconian skeleton (Crypt:2)
  An anaconda simulacrum (Hell)
  5 tengu conjurers
  2 spriggan skeletons (Depths:2)
  A harpy zombie (D:15)
  4 ancient zymes
  6 ice devils
  4 trolls
  31 jumping spiders
  2 hydra zombies (Hell)
  6 merfolk
  A red draconian skeleton (Crypt:2)
  2 polar bears (shapeshifter)
  5 red devils
  18 hornets
  7 dream sheep
  7 wind drakes
  A polar bear (Lair:6)
  A wind drake (shapeshifter) (D:15)
  29 slime creatures
  A blink frog (shapeshifter) (Elf:1)
  10 raiju
  24 blink frogs
  2 hippogriffs (shapeshifter)
  2 hydra skeletons (Hell)
  4 snapping turtles
  12 hippogriffs
  3 fire giant simulacra
  An alligator zombie (Hell)
  A satyr zombie (Crypt:2)
  A frost giant simulacrum (Depths:2)
  An ettin zombie (Geh:1)
  2 air elementals
  13 small abominations
  A spriggan (shapeshifter) (Depths:2)
  38 flying skulls
  11 spriggans
  12 water elementals
  22 wraiths
  A hog (shapeshifter) (Elf:1)
  9 shadows
  33 tarantellas
  Sigmund (D:3)
  2 ynoxinuls
  61 redbacks
  A vampire (D:15)
  23 large abominations
  31 yaks
  2 yaks (shapeshifter) (Vaults:3)
  A black mamba skeleton (Crypt:1)
  2 wyverns
  3 fire bats (D:8)
  3 basilisks
  A basilisk (shapeshifter) (Elf:1)
  A neqoxec (Abyss:2)
  10 fire elementals
  A spriggan simulacrum (Depths:2)
  3 steam dragons (Shoals:3)
  4 human simulacra
  3 chaos spawn (Abyss:2)
  17 vampire mosquitoes
  Menkaure (D:7)
  A harpy simulacrum (Crypt:1)
  2 swamp worms (shapeshifter) (Elf:1)
  19 soldier ants
  10 spatial vortices
  5 wargs
  A spectral snapping turtle (Crypt:3)
  A water moccasin (shapeshifter) (Depths:5)
  2 spiny frog zombies (Hell)
  21 water moccasins
  3 acid dragons
  2 elf skeletons
  12 porcupines
  3 hell hounds (Depths:2)
  A spiny frog skeleton (Crypt:1)
  35 orc warriors
  5 phantoms
  A black bear (shapeshifter) (D:14)
  5 black bears
  An eye of draining (D:15)
  2 ice beasts
  2 sky beasts
  13 ogres
  An elf zombie (Vaults:4)
  A boggart (shapeshifter) (Vaults:5)
  13 boggarts
  18 centaurs
  A crocodile (shapeshifter) (Depths:1)
  6 necrophages
  22 wolves
  A human skeleton (Vaults:4)
  11 crocodiles
  3 big kobolds
  A hog skeleton (Crypt:1)
  Blork the orc (D:4)
  A draconian zombie (Crypt:2)
  A komodo dragon zombie (Crypt:1)
  2 wyvern zombies
  14 bullfrogs
  4 water moccasin zombies
  3 earth elementals
  3 scorpions
  A raiju zombie (Crypt:2)
  A shapeshifter zombie (Crypt:2)
  5 killer bees (D:9)
  3 wights
  3 howler monkeys
  A bullfrog zombie (D:6)
  3 centaur zombies
  10 hounds
  2 quasits
  22 crimson imps
  A demonspawn zombie (Crypt:1)
  9 jellies
  15 orc wizards
  20 orc priests
  A bullfrog skeleton (D:7)
  5 iron imps
  2 iguanas
  27 worker ants
  3 big kobold zombies (Ossuary)
  A felid zombie (Crypt:1)
  A hound zombie (D:7)
  A hound skeleton (D:7)
  2 mummies (Ossuary)
  2 worker ant zombies
  2 gnolls (D:9)
  10 adders
  A howler monkey skeleton (D:8)
  8 shadow imps
  3 white imps
  3 ufetubi (Abyss:2)
  4 oozes
  7 adder zombies (Ossuary)
  An iguana zombie (Crypt:1)
  3 dart slugs
  4 leopard geckos
  99 orcs
  5 bats
  A bat zombie (Crypt:2)
  7 giant cockroaches
  5 gnoll zombies (Ossuary)
  8 goblins
  4 hobgoblins
  11 jackals
  5 quokkas
  6 frilled lizards
  A goblin zombie (D:6)
  5 hobgoblin zombies (Ossuary)
  24 kobolds
  3 kobold zombies (Ossuary)
  An orc simulacrum (Crypt:3)
  6 orc zombies (Ossuary)
  A quokka skeleton (D:5)
  6 rats
  A rat zombie (D:6)
  A fungus (D:15)
  A lurking horror (Abyss:4)
  A plant (Depths:4)
2320 creatures vanquished.

Vanquished Creatures (collateral kills)
  A Killer Klown (Zot:5)
  A pandemonium lord (Zot:1)
  A golden dragon (Zot:4)
  A profane servitor (Crypt:3)
  An electric golem (Zot:2)
  3 tentacled monstrosities
  An Ice Fiend (Zot:1)
  A deep elf master archer (Elf:3)
  3 ancient champions
  A death cob (Zot:5)
  A shadow dragon (Depths:3)
  A storm dragon (Zot:2)
  A revenant (Crypt:2)
  A draconian monk (Zot:1)
  3 fire giants (Depths:2)
  A draconian knight (Zot:4)
  8 frost giants
  7 draconian scorchers
  An orc warlord (Vaults:4)
  8 vault wardens
  A deep elf sorcerer (Elf:3)
  4 draconian shifters
  5 ironheart preservers
  A curse skull (Crypt:2)
  2 spriggan defenders (Depths:1)
  A draconian stormcaller (Zot:2)
  A deep elf elementalist (Elf:3)
  A reaper (Hell)
  3 draconian annihilators
  3 stone giants
  3 deep elf demonologists (Elf:3)
  10 very ugly things
  4 vampire knights
  3 deep elf annihilators
  7 green draconians
  2 purple draconians
  6 white draconians
  6 black draconians
  5 yellow draconians
  5 red draconians
  4 spark wasps (Depths:4)
  5 deep elf death magi
  2 merfolk javelineers (Shoals:4)
  8 merfolk impalers
  3 yaktaur captains
  A fire dragon (Depths:3)
  A green death (Hell)
  4 ettins
  7 ogre magi
  2 deep elf high priests (Elf:3)
  A great orb of eyes (Vaults:1)
  13 vault guards
  2 spriggan air magi (Depths:1)
  Erica (D:8)
  A merfolk aquamancer (Shoals:4)
  20 two-headed ogres
  A hell beast (Hell)
  2 dancing weapons
  A centaur warrior (D:15)
  2 death knights (Vaults:2)
  5 deep troll shamans
  2 tengu warriors (Depths:1)
  2 hell hogs (Hell)
  3 orc high priests (Orc:2)
  3 deep troll earth magi
  2 vampire magi (Depths:2)
  A soul eater (Hell)
  A sun demon (Depths:4)
  7 deep elf knights
  9 skeletal warriors
  A shadow wraith (Depths:4)
  2 flayed ghosts (Crypt:2)
  8 deep trolls
  A spark wasp zombie (Depths:4)
  2 salamanders
  3 deep elf archers
  A hell knight (Vaults:5)
  An obsidian statue (Zot:5)
  5 ironbrand convokers
  2 harpies (Shoals:4)
  5 orc knights
  5 necromancers
  An orc sorcerer (Orc:2)
  A faun (Shoals:2)
  A tengu skeleton (Depths:4)
  15 deep elf magi
  27 ugly things
  A manticore (Shoals:4)
  7 moths of wrath
  A fire giant skeleton (Depths:4)
  9 merfolk sirens
  3 vault sentinels
  Maurice (D:8)
  5 smoke demons
  A human zombie (Vaults:4)
  A hellion (Hell)
  33 yaktaurs
  7 red devils
  A hellwing (Depths:2)
  15 merfolk
  3 hornets
  7 slime creatures
  A dream sheep (shapeshifter) (Depths:5)
  A snapping turtle (Shoals:4)
  3 redbacks
  6 flying skulls (Crypt:3)
  3 shadows
  2 wraiths
  6 spriggans
  A tarantella (shapeshifter) (Elf:3)
  A small abomination (Crypt:3)
  2 fire elementals (Elf:3)
  A warg (Vaults:4)
  27 orc warriors
  19 ogres
  A necrophage (Crypt:3)
  4 boggarts (Depths:1)
  2 human skeletons
  An elf skeleton (Vaults:4)
  A centaur (Vaults:2)
  An elf simulacrum (Depths:3)
  A gnoll sergeant (D:9)
  2 human simulacra
  A howler monkey (D:9)
  9 jellies
  3 wights
  5 crimson imps
  6 orc wizards
  15 orc priests
  2 gnolls (D:9)
  A white imp (Depths:1)
  41 orcs
  2 kobolds (D:14)
  A spectral weapon (Crypt:3)
583 creatures vanquished.

Vanquished Creatures (others)
  An Orb Guardian (Zot:5)
  2 draconian monks
  A deep elf sorcerer (Elf:3)
  3 draconian knights
  A fire giant (Vaults:5)
  2 draconian stormcallers
  A draconian shifter (Zot:2)
  A very ugly thing (Depths:2)
  2 stone giants
  4 green draconians
  2 purple draconians
  2 black draconians
  5 red draconians
  A deep elf demonologist (Elf:3)
  A yellow draconian (Zot:5)
  5 white draconians
  A merfolk impaler (Shoals:4)
  A great orb of eyes (Abyss:2)
  A yaktaur captain (Depths:4)
  6 vault guards (Vaults:5)
  An ogre mage (Vaults:4)
  A deep elf high priest (Elf:3)
  3 two-headed ogres
  2 glowing orange brains
  A tengu warrior (Depths:2)
  A spriggan berserker (Depths:4)
  A thrashing horror (Abyss:4)
  4 deep elf knights
  2 orc knights (Vaults:1)
  2 shadow wraiths (Crypt:3)
  5 skeletal warriors
  3 deep trolls
  A hell knight (Crypt:3)
  A spark wasp zombie (Depths:4)
  A harpy (shapeshifter) (Depths:4)
  3 deep elf magi
  2 phantasmal warriors
  2 necromancers
  A shining eye (Slime:5)
  2 ironbrand convokers (Vaults:1)
  3 ugly things
  A manticore (shapeshifter) (Vaults:4)
  A merfolk siren (Shoals:4)
  A smoke demon (Hell)
  An ancient zyme (Abyss:4)
  6 yaktaurs
  A floating eye (Depths:3)
  A jumping spider (Abyss:2)
  A troll (Vaults:4)
  A hornet (Vaults:5)
  A blink frog (shapeshifter) (Elf:1)
  A snapping turtle (Shoals:4)
  45 dancing weapons
  6 slime creatures
  6 flying skulls (Crypt:3)
  A spriggan (Depths:1)
  A tarantella (Spider:1)
  A golden eye (Slime:5)
  A boggart (Depths:1)
  2 soldier ants (Lair:2)
  3 slaves (D:8)
  2 eyes of draining
  A necrophage (Crypt:2)
  3 ogres
  A centaur (D:8)
  2 wights (Crypt:2)
  A quasit (Abyss:2)
  258 jellies
  An orc priest (Vaults:1)
  2 worker ants (Lair:2)
  An ooze (Abyss:3)
  6 orcs
  A rat skeleton (Crypt:2)
  2 briar patches (Abyss:4)
  7 fungi
  2 lurking horrors
  25 plants
  24 spectral weapons
  4 starspawn tentacles (Abyss:2)
510 creatures vanquished.

Grand Total: 3413 creatures vanquished

Notes
Turn   | Place    | Note
-------+----------+-------------------------------------------
     0 | D:1      | Gunterle the Spriggan Enchanter began the quest for the
                  | Orb.
     0 | D:1      | Reached XP level 1. HP: 9/9 MP: 5/5
   176 | D:1      | Reached skill level 3 in Spellcasting
   176 | D:1      | Reached XP level 2. HP: 9/13 MP: 2/7
   182 | D:1      | Learned a level 2 spell: Ensorcelled Hibernation
  1385 | D:1      | Reached XP level 3. HP: 10/17 MP: 6/8
  1516 | D:1      | Learned a level 3 spell: Confuse
  2530 | D:2      | Reached XP level 4. HP: 18/21 MP: 7/10
  2559 | D:2      | Found a snail-covered altar of Cheibriados.
  3640 | D:3      | Reached skill level 1 in Fighting
  4074 | D:3      | Noticed Sigmund
  4083 | D:3      | Killed Sigmund
  4083 | D:3      | Reached skill level 4 in Spellcasting
  4083 | D:3      | Reached skill level 5 in Hexes
  4083 | D:3      | Reached XP level 5. HP: 25/25 MP: 0/13
  4313 | D:4      | Reached XP level 6. HP: 30/30 MP: 10/14
  4514 | D:4      | HP: 1/30 [poisoned by a worker ant]
  4811 | D:4      | Reached skill level 5 in Spellcasting
  4825 | D:4      | Noticed Blork the orc
  4974 | D:4      | Killed Blork the orc
  5220 | D:4      | Found a staircase to the Ecumenical Temple.
  5233 | Temple   | Entered the Ecumenical Temple
  5438 | Temple   | Became a worshipper of Gozag Ym Sagoz the Greedy
  5592 | D:5      | Entered Level 5 of the Dungeon
  5703 | D:4      | Reached XP level 7. HP: 32/34 MP: 12/16
  5747 | D:5      | Learned a level 3 spell: Tukima's Dance
  6172 | D:5      | Found a bloodstained altar of Trog.
  6459 | D:5      | Found an iron altar of Okawaru.
  6476 | D:5      | Reached skill level 5 in Dodging
  6563 | D:5      | Found a deep blue altar of Sif Muna.
  6632 | D:5      | Reached skill level 6 in Spellcasting
  7289 | D:5      | Reached skill level 5 in Stealth
  7425 | D:6      | Found a sand-covered staircase.
  7454 | Ossuary  | Entered an ossuary
  7731 | Ossuary  | Reached XP level 8. HP: 37/39 MP: 11/18
  8474 | D:6      | Reached skill level 7 in Spellcasting
  9079 | D:6      | Reached XP level 9. HP: 40/44 MP: 12/21
  9334 | D:6      | Reached skill level 8 in Spellcasting
  9529 | D:7      | Found a white marble altar of Elyvilon.
 10022 | D:7      | Noticed Menkaure
 10030 | D:7      | Killed Menkaure
 10077 | D:7      | Found a stormy altar of Qazlal.
 10113 | D:7      | Reached skill level 5 in Short Blades
 10641 | D:8      | Noticed Maurice
 10667 | D:8      | Found a transporter.
 10753 | D:8      | Killed Maurice
 10753 | D:8      | Reached skill level 9 in Spellcasting
 11199 | D:8      | Noticed Pikel
 11230 | D:8      | Killed Pikel
 11230 | D:8      | Reached XP level 10. HP: 25/49 MP: 19/24
 11804 | D:8      | Reached skill level 10 in Hexes
 11822 | D:8      | Noticed Erica
 11834 | D:8      | Killed Erica
 11957 | D:8      | Found a transporter.
 12083 | D:8      | Found a hazy altar of Hepliaklqana.
 12084 | D:8      | Found an ornate altar of the Wu Jian Council.
 12086 | D:8      | Found a stormy altar of Qazlal.
 12183 | D:8      | Reached skill level 10 in Spellcasting
 12303 | D:9      | Found a glowing golden altar of the Shining One.
 12324 | D:9      | Learned a level 3 spell: Stone Arrow
 12330 | D:9      | Learned a level 5 spell: Lee's Rapid Deconstruction
 12475 | D:9      | Found a glowing silver altar of Zin.
 12777 | D:9      | Reached skill level 1 in Earth Magic
 12830 | D:9      | Noticed a two-headed ogre
 12868 | D:9      | Killed a two-headed ogre
 13270 | D:9      | Found a staircase to the Lair.
 13278 | D:9      | Found a shimmering altar of Xom.
 13278 | D:9      | Found a burning altar of Makhleb.
 13347 | D:9      | Reached XP level 11. HP: 54/54 MP: 26/26
 13395 | D:9      | Noticed Harold
 13442 | D:9      | Killed Harold
 13735 | D:10     | Entered Level 10 of the Dungeon
 13765 | D:10     | Found Quus's Antique Weapon Boutique.
 13773 | D:10     | Bought a bloodstained dagger for 238 gold pieces
 13773 | D:10     | Identified the +10 dagger "Goblin's Peril" {pierce, rElec}
                  | (You bought it in a shop on level 10 of the Dungeon)
 14217 | D:10     | Noticed a two-headed ogre
 14227 | D:10     | Killed a two-headed ogre
 14227 | D:10     | Reached skill level 5 in Fighting
 14227 | D:10     | Reached skill level 11 in Spellcasting
 14277 | D:10     | Noticed Josephine
 14888 | D:10     | Noticed a brown ugly thing
 14895 | D:10     | Killed a brown ugly thing
 14940 | D:10     | Killed Josephine
 15133 | D:10     | Reached skill level 10 in Stealth
 15399 | D:10     | Found a staircase to the Orcish Mines.
 15562 | D:11     | Found a burning altar of Makhleb.
 15568 | D:11     | Got a shimmering whip
 15612 | D:11     | Noticed a two-headed ogre
 15620 | D:11     | Killed a two-headed ogre
 15749 | D:11     | Noticed an eight-headed hydra
 15795 | D:11     | Killed an eight-headed hydra
 15911 | D:11     | Noticed a two-headed ogre
 15919 | D:11     | Killed a two-headed ogre
 15919 | D:11     | Reached skill level 10 in Dodging
 15977 | D:11     | Reached XP level 12. HP: 60/60 MP: 28/28
 15986 | D:11     | Noticed a two-headed ogre
 15990 | D:11     | Killed a two-headed ogre
 16206 | D:12     | Reached skill level 5 in Earth Magic
 16451 | D:12     | Reached skill level 12 in Spellcasting
 16626 | D:12     | Identified a scroll of acquirement
 17365 | D:9      | Learned a level 6 spell: Iron Shot
 17369 | Lair:1   | Entered Level 1 of the Lair of Beasts
 18673 | Lair:1   | Found a deep blue altar of Sif Muna.
 18937 | D:9      | Bought a manual of Fighting for 1435 gold pieces
 19935 | Lair:2   | Reached XP level 13. HP: 65/67 MP: 25/30
 20079 | Lair:2   | Reached skill level 13 in Spellcasting
 20313 | Lair:2   | Found a staircase to the Shoals.
 22489 | Lair:4   | Found a hole to the Spider Nest.
 22943 | Lair:5   | Found a shimmering altar of Xom.
 22956 | Lair:5   | Found a staircase to the Slime Pits.
 22956 | Lair:5   | Found a viscous altar of Jiyva.
 23349 | Lair:5   | Noticed Rupert
 23411 | Lair:5   | Paralysed by Rupert for 5 turns
 23418 | Lair:5   | Killed Rupert
 23883 | Lair:6   | Entered Level 6 of the Lair of Beasts
 24444 | Lair:6   | Noticed Snorg
 24509 | Lair:6   | Killed Snorg
 24632 | Lair:6   | Reached XP level 14. HP: 73/75 MP: 29/32
 24811 | Lair:6   | Reached skill level 14 in Spellcasting
 25171 | Lair:6   | Paralysed by a hornet for 1 turns
 25507 | D:9      | Bought the ring of the Messenger {rF+ Int+4} for 615 gold
                  | pieces
 25513 | D:9      | Bought a scroll of identify for 22 gold pieces
 25513 | D:9      | Bought a scroll of holy word for 82 gold pieces
 25515 | D:9      | Bought a scroll of identify for 22 gold pieces
 25628 | Orc:1    | Entered Level 1 of the Orcish Mines
 25629 | Orc:1    | Found Mautzu Vira's Book Shop.
 25665 | Orc:1    | Bought a book of Cantrips for 240 gold pieces
 25667 | Orc:1    | Learned a level 1 spell: Apportation
 25730 | Orc:1    | Found a roughly hewn altar of Beogh.
 26301 | Orc:1    | Found Ydghae's Food Shoppe.
 26311 | Orc:1    | Found Jicuas's Antique Armour Emporium.
 26383 | Orc:1    | Bought a glowing robe for 85 gold pieces
 26409 | Orc:1    | Found Zirro's Jewellery Emporium.
 26449 | Orc:1    | Found Nisich's Armour Shoppe.
 26465 | Orc:1    | Reached skill level 10 in Fighting
 26699 | Orc:2    | Entered Level 2 of the Orcish Mines
 27602 | Orc:2    | Found a staircase to the Elven Halls.
 28145 | Orc:2    | Found Hamonn's Armour Emporium.
 28336 | Orc:2    | Noticed an orc warlord
 28389 | Orc:2    | Killed an orc warlord
 28391 | Orc:2    | Found a roughly hewn altar of Beogh.
 28686 | Orc:2    | Found Xiuteix's Antique Armour Boutique.
 28740 | Orc:2    | Bought a distressingly furry buckler for 247 gold pieces
 28740 | Orc:2    | Bought a glowing robe for 96 gold pieces
 28740 | Orc:2    | Identified the +2 buckler of Parts Unknown {Str+4} (You
                  | bought it in a shop on level 2 of the Orcish Mines)
 29194 | Orc:2    | Found a roughly hewn altar of Beogh.
 29575 | Orc:2    | Found Jaorumnu's Distillery.
 29590 | Orc:2    | Bought a potion of brilliance for 56 gold pieces
 29590 | Orc:2    | Bought a potion of agility for 56 gold pieces
 29590 | Orc:2    | Bought a potion of mutation for 112 gold pieces
 29590 | Orc:2    | Bought a potion of haste for 140 gold pieces
 29597 | Orc:2    | Found Xuixolud's Antique Armour Shop.
 29624 | Orc:2    | Bought a runed robe for 88 gold pieces
 30072 | D:9      | Bought a scroll of acquirement for 572 gold pieces
 30782 | D:13     | Found the +8 lance "Wyrmbane" {slay drac, rPois rF+ rC+
                  | AC+3}
 31327 | D:14     | Found a gate to the Vaults.
 31329 | D:14     | Reached skill level 15 in Hexes
 31606 | D:14     | Reached XP level 15. HP: 17/83 MP: 19/34
 32221 | D:14     | Reached skill level 15 in Spellcasting
 32302 | D:14     | Noticed Louise
 32344 | D:14     | Killed Louise
 32676 | D:15     | Entered Level 15 of the Dungeon
 32831 | D:15     | Found a radiant altar of Vehumet.
 32832 | D:15     | Found a deep blue altar of Sif Muna.
 32832 | D:15     | Found a sparkling altar of Nemelex Xobeh.
 32971 | D:15     | Reached skill level 10 in Short Blades
 33186 | D:15     | Found a staircase to the Depths.
 33337 | D:15     | Noticed a frost giant
 33353 | D:15     | Killed a frost giant
 33725 | D:15     | Reached skill level 10 in Earth Magic
 33930 | D:15     | Noticed a shadow dragon
 33946 | D:15     | Killed a shadow dragon
 34175 | D:15     | Noticed a sphinx
 34206 | D:15     | Killed a sphinx
 34567 | D:15     | Noticed a storm dragon
 34583 | D:15     | HP: 2/84 [stone giant/large rock (47)]
 34839 | D:9      | Bought a scroll of enchant weapon for 82 gold pieces
 34839 | D:9      | Bought a scroll of acquirement for 572 gold pieces
 34856 | D:9      | Bought a book of Dreams for 975 gold pieces
 34862 | D:9      | Learned a level 5 spell: Silence
 35020 | Elf:1    | Entered Level 1 of the Elven Halls
 35591 | Elf:1    | Reached skill level 1 in Polearms
 35752 | Elf:1    | Got a transparent fustibalus
 35753 | Elf:1    | Identified the +9 fustibalus "Immosa Iblenk" {velocity,
                  | +Inv} (You found it on level 1 of the Elven Halls)
 35830 | Elf:1    | Found Jofeucw's Armour Shop.
 35875 | Elf:1    | Reached XP level 16. HP: 89/89 MP: 33/36
 36153 | Elf:1    | Reached skill level 16 in Spellcasting
 36715 | Elf:1    | Found a runed gate.
 36715 | Elf:1    | Found a runed gate.
 36716 | Elf:1    | Found a runed gate.
 36716 | Elf:1    | Noticed a tentacled monstrosity
 36717 | Elf:1    | Noticed a tentacled monstrosity
 37781 | Elf:2    | Found a runed door.
 37793 | Elf:2    | Noticed karf's ghost (journeyman MiBe)
 38472 | Elf:2    | Reached skill level 1 in Conjurations
 38482 | Elf:2    | Found a runed gate.
 38482 | Elf:2    | Found a runed gate.
 38483 | Elf:2    | Found a runed gate.
 39147 | D:9      | Bought a steaming cloak for 380 gold pieces
 39147 | D:9      | Identified the +0 cloak of Mirth {rC+} (You bought it in a
                  | shop on level 9 of the Dungeon)
 39286 | Spider:1 | Entered Level 1 of the Spider Nest
 39526 | Spider:1 | Identified Yrorghisu's Incunabulum of Malediction
 40813 | Spider:2 | Noticed Arachne
 40832 | Spider:2 | Killed Arachne
 40967 | Spider:2 | Noticed Asterion
 41631 | Spider:2 | Noticed Nikola
 41681 | Spider:2 | Killed Nikola
 41681 | Spider:2 | Reached XP level 17. HP: 64/95 MP: 20/38
 42414 | Spider:1 | Reached skill level 17 in Spellcasting
 43100 | Spider:2 | Killed Asterion
 44299 | D:9      | Learned a level 2 spell: Passwall
 45097 | Spider:3 | Identified Sophisticated Witchery (You acquired it on level
                  | 3 of the Spider Nest)
 45675 | Spider:4 | Entered Level 4 of the Spider Nest
 46962 | Spider:4 | Learned a level 5 spell: Yara's Violent Unravelling
 47137 | Spider:4 | Reached skill level 15 in Dodging
 49024 | Spider:4 | Got a gossamer rune of Zot
 49259 | D:9      | Bought an embroidered robe for 148 gold pieces
 49259 | D:9      | Bought a glowing robe for 148 gold pieces
 50308 | D:15     | Reached XP level 18. HP: 101/101 MP: 25/40
 50730 | D:9      | Bought a scroll of enchant armour for 82 gold pieces
 50801 | Shoals:1 | Entered Level 1 of the Shoals
 51315 | Shoals:1 | Learned a level 8 spell: Discord
 52031 | Shoals:2 | Reached skill level 18 in Spellcasting
 52962 | Shoals:3 | Noticed Roxanne
 54185 | Shoals:3 | Killed Roxanne
 54198 | Shoals:3 | Identified Roxanne's Volume of Transformation (You took it
                  | off Roxanne on level 3 of the Shoals)
 54298 | Shoals:4 | Entered Level 4 of the Shoals
 55390 | Shoals:4 | Reached skill level 5 in Polearms
 55624 | Shoals:4 | Got a barnacled rune of Zot
 56414 | D:9      | Bought the amulet of the Four Winds {rN+ MR+++ Clar} for
                  | 834 gold pieces
 56414 | D:9      | Found the amulet of the Four Winds {rN+ MR+++ Clar}
 56644 | Elf:3    | Entered Level 3 of the Elven Halls
 58084 | Elf:3    | Gained mutation: You are frail. (-10% HP) [a cacodemon]
 58302 | Elf:3    | Found Sadyteish's Food Shoppe.
 58304 | Elf:3    | Found Jeiset's General Store.
 58306 | Elf:3    | Found Zapailys's Antique Armour Shoppe.
 58444 | Elf:3    | Reached XP level 19. HP: 82/95 MP: 2/42
 58493 | Elf:3    | Reached skill level 5 in Conjurations
 58720 | Elf:3    | Got a brightly glowing trident
 58721 | Elf:3    | Identified the +4 trident of Gahuxymm {pierce, -Tele MR+
                  | Str+4 Dex+6} (You found it on level 3 of the Elven Halls)
 58761 | Elf:3    | Identified the Papyrus of the Supportive Birds
 58905 | Elf:3    | Found the macabre finger necklace {rN+}
 58905 | Elf:3    | Got a sheer robe
 58913 | Elf:3    | Identified the Almanac of Fiery Poison
 58998 | Elf:3    | Identified the cursed +1 robe of the Lotus Blossom {rF+
                  | rCorr Int+3} (You found it on level 3 of the Elven Halls)
 59016 | Elf:3    | Identified the Papyrus of Feathery Clay
 59337 | D:9      | Learned a level 5 spell: Borgnjor's Vile Clutch
 59339 | D:9      | Lost mutation: You are frail. (-10% HP) [potion of
                  | mutation]
 59339 | D:9      | Gained mutation: Your mind is acute. (Int +2) [potion of
                  | mutation]
 59339 | D:9      | Gained mutation: You are frail. (-10% HP) [potion of
                  | mutation]
 59339 | D:9      | Gained mutation: Your magical capacity is low. (-10% MP)
                  | [potion of mutation]
 59339 | D:9      | Gained mutation: Your mind is very acute. (Int +4) [potion
                  | of mutation]
 59340 | D:9      | Lost mutation: Your magical capacity is low. (-10% MP)
                  | [potion of mutation]
 59340 | D:9      | Lost mutation: Your mind is very acute. (Int +4) [potion of
                  | mutation]
 59340 | D:9      | Gained mutation: Your muscles are strong. (Str +2) [potion
                  | of mutation]
 59340 | D:9      | Gained mutation: You evolve. [potion of mutation]
 59347 | D:9      | Bought the amulet of Vitality {Regen+ HP+15} for 1501 gold
                  | pieces
 59347 | D:9      | Found the amulet of Vitality {Regen+ HP+15}
 59487 | Vaults:1 | Entered Level 1 of the Vaults
 59500 | Vaults:1 | Got a smoking marble ring
 59670 | Vaults:1 | Reached skill level 19 in Spellcasting
 60007 | Vaults:1 | Gained mutation: Your mind is very acute. (Int +4)
                  | [evolution]
 62780 | Vaults:2 | Got a crude falchion
 63905 | Vaults:3 | Reached XP level 20. HP: 100/100 MP: 30/44
 64025 | Vaults:3 | Found the ring of Shadows {Umbra +Inv Stlth+}
 64634 | Vaults:3 | Found a staircase to the Crypt.
 64634 | Vaults:3 | Found an ancient bone altar of Kikubaaqudgha.
 64634 | Vaults:3 | Found a basalt altar of Yredelemnul.
 65164 | Vaults:3 | Identified the ring of Joum {rN+ SInv} (You found it on
                  | level 1 of the Vaults)
 65199 | Vaults:3 | Reached skill level 15 in Fighting
 65578 | Vaults:3 | Found Patumpaf's General Store.
 68464 | D:9      | Bought the -2 hat of the Alchemist {rElec rPois rF+ rC+ rN+
                  | MR+ rMut rCorr} for 1888 gold pieces
 68464 | D:9      | Found the -2 hat of the Alchemist {rElec rPois rF+ rC+ rN+
                  | MR+ rMut rCorr}
 68479 | D:9      | Bought the +3 buckler of the Orcish Mines {Int+2} for 368
                  | gold pieces
 68481 | D:9      | Bought a scroll of fog for 22 gold pieces
 68481 | D:9      | Bought a scroll of magic mapping for 38 gold pieces
 68481 | D:9      | Bought a scroll of holy word for 82 gold pieces
 68481 | D:9      | Bought a scroll of fear for 38 gold pieces
 68481 | D:9      | Bought a scroll of enchant armour for 82 gold pieces
 68739 | Depths:1 | Entered Level 1 of the Depths
 68768 | Depths:1 | Reached skill level 20 in Spellcasting
 68870 | Depths:1 | Found a gateway to a ziggurat.
 69079 | Depths:1 | Found a hazy altar of Hepliaklqana.
 69168 | Depths:1 | Found a corrupted altar of Lugonu.
 69168 | Depths:1 | Found a one-way gate to the infinite horrors of the Abyss.
 69498 | Depths:1 | Noticed the Enchantress
 69649 | Depths:1 | Killed the Enchantress
 69877 | Depths:1 | Got faerie dragon scales
 69878 | Depths:1 | Identified the +2 faerie dragon scales {rF+ rCorr} (You
                  | took it off the Enchantress on level 1 of the Depths)
 70528 | Depths:1 | Found a gateway to Hell.
 71380 | D:9      | Bought the ring of Robustness {AC+8} for 2432 gold pieces
 71380 | D:9      | Found the ring of Robustness {AC+8}
 72894 | Depths:2 | Reached XP level 21. HP: 105/106 MP: 40/46
 73634 | Depths:2 | Found Atusecum's General Store.
 74077 | Depths:2 | Noticed a golden dragon
 74118 | Depths:2 | Killed a golden dragon
 74118 | Depths:2 | Reached skill level 15 in Earth Magic
 74319 | Depths:2 | Identified the Tome of Snow and Transmigration
 74878 | Depths:2 | Found Aptoshreimi's Jewellery Emporium.
 74880 | Depths:2 | Found Ticen's Gadget Boutique.
 74881 | Depths:2 | Found Sesuipek's Jewellery Emporium.
 75391 | D:9      | Bought a book of Annihilations for 1435 gold pieces
 75400 | D:9      | Learned a level 8 spell: Lehudib's Crystal Spear
 75862 | Depths:3 | You fall through a shaft for 2 floors!
 75862 | Depths:5 | Entered Level 5 of the Depths
 78472 | D:15     | Bought a scroll of amnesia for 126 gold pieces
 78472 | D:15     | Bought a potion of agility for 144 gold pieces
 78472 | D:15     | Bought a potion of agility for 144 gold pieces
 78472 | D:15     | Bought a scroll of teleportation for 108 gold pieces
 78837 | Lair:5   | Fell from the grace of Gozag
 78837 | Lair:5   | Became a worshipper of Jiyva Jemumirg the Shapeless
 80027 | Depths:2 | Reached * piety under Jiyva
 80053 | Depths:2 | Reached ** piety under Jiyva
 80100 | Depths:2 | Reached *** piety under Jiyva
 80186 | Depths:2 | Reached **** piety under Jiyva
 80203 | Depths:2 | Gained mutation: You possess an exceptional clarity of
                  | mind. [Jiyva's grace]
 80752 | Depths:3 | Reached ***** piety under Jiyva
 81235 | Depths:3 | Reached skill level 1 in Translocations
 81242 | Depths:3 | Reached skill level 21 in Spellcasting
 81425 | Depths:3 | Found a one-way gate leading to the halls of Pandemonium.
 81492 | Depths:3 | Gained mutation: You have a small jelly attached to you
                  | that senses nearby items. [Jiyva's grace]
 81598 | Depths:3 | Reached XP level 22. HP: 111/111 MP: 20/48
 81666 | Depths:3 | Lost mutation: You possess an exceptional clarity of mind.
                  | [Jiyva's grace]
 81706 | Depths:3 | Reached ****** piety under Jiyva
 82106 | Slime:1  | Entered Level 1 of the Pits of Slime
 82126 | Slime:5  | Entered Level 5 of the Pits of Slime
 82145 | Slime:5  | Lost mutation: You are frail. (-10% HP) [Jiyva's grace]
 82153 | Slime:5  | Found a viscous altar of Jiyva.
 82155 | Slime:5  | Noticed the Royal Jelly
 82158 | Slime:5  | Gained mutation: You possess an exceptional clarity of
                  | mind. [Jiyva's grace]
 82161 | Slime:5  | Found the +8 Wrath of Trog {antimagic, *Rage}
 82165 | Slime:5  | Gained mutation: Your muscles are very strong. (Str +4)
                  | [Jiyva's grace]
 82170 | Slime:5  | Found the +11 plutonium sword {*Contam Stlth-}
 82204 | Slime:5  | Got a slimy rune of Zot
 82216 | Slime:5  | Lost mutation: You have a small jelly attached to you that
                  | senses nearby items. [Jiyva's grace]
 82240 | Slime:5  | Identified the +5 troll leather armour "Liuqizapt" {Regen+
                  | Str+6} (You found it on level 5 of the Pits of Slime)
 82909 | Depths:3 | Lost mutation: You evolve. [Jiyva's grace]
 82975 | Depths:3 | Noticed a golden dragon
 83518 | Depths:3 | Lost mutation: Your mind is very acute. (Int +4) [Jiyva's
                  | grace]
 83546 | Depths:3 | Found Feza's Book Shop.
 83546 | Depths:3 | Found Luokk's Antique Weapon Boutique.
 83548 | Depths:3 | Found Did Egae's Jewellery Shop.
 83549 | Depths:3 | Found Foubia's Jewellery Boutique.
 83745 | Depths:3 | Killed a golden dragon
 84119 | Depths:3 | Identified the Volume of Burning Flight
 84278 | Depths:3 | Gained mutation: You are partially covered in large bone
                  | plates. (SH +4) [Jiyva's grace]
 84861 | Depths:4 | Gained mutation: You are robust. (+10% HP) [Jiyva's grace]
 85008 | Depths:4 | Lost mutation: You are robust. (+10% HP) [Jiyva's grace]
 85049 | Depths:4 | Gained mutation: Your spells are a little harder to cast,
                  | but a little more powerful. [Jiyva's grace]
 85136 | Depths:4 | Found Etiamilo's Weapon Emporium.
 85219 | Depths:4 | Lost mutation: Your mind is acute. (Int +2) [Jiyva's grace]
 85479 | Depths:4 | Learned a level 6 spell: Invisibility
 85837 | Depths:4 | Noticed Jory
 85868 | Depths:4 | Killed Jory
 86188 | Depths:4 | Gained mutation: Your mind is acute. (Int +2) [Jiyva's
                  | grace]
 86762 | Depths:5 | Lost mutation: Your mind is acute. (Int +2) [Jiyva's grace]
 86803 | Depths:5 | Found a gate to the Realm of Zot.
 86830 | Depths:5 | Gained mutation: You have a small jelly attached to you
                  | that may absorb incoming projectiles. [Jiyva's grace]
 86922 | Depths:5 | Gained mutation: You are covered in slimy tendrils that may
                  | disarm your opponents. [Jiyva's grace]
 87050 | Depths:5 | Identified the ring "Hetes" {*Tele rElec} (You took it off
                  | a green draconian on level 5 of the Depths)
 87060 | Depths:5 | Gained mutation: You are robust. (+10% HP) [Jiyva's grace]
 87429 | Vaults:5 | Entered Level 5 of the Vaults
 87432 | Vaults:5 | Reached XP level 23. HP: 118/143 MP: 33/49
 87508 | Vaults:5 | Lost mutation: You are robust. (+10% HP) [Jiyva's grace]
 87545 | Vaults:5 | Lost mutation: Your spells are a little harder to cast, but
                  | a little more powerful. [Jiyva's grace]
 87558 | Vaults:5 | Lost mutation: Your muscles are very strong. (Str +4)
                  | [Jiyva's grace]
 87564 | Vaults:5 | Gained mutation: You are partially covered in molten
                  | scales. (AC +2) [Jiyva's grace]
 87578 | Vaults:5 | Lost mutation: You are covered in slimy tendrils that may
                  | disarm your opponents. [Jiyva's grace]
 87616 | Vaults:5 | Lost mutation: Your muscles are strong. (Str +2) [Jiyva's
                  | grace]
 87799 | Vaults:5 | Identified the +2 robe of Osteop Seva {+Blink rC+ Str+5
                  | Dex+4} (You found it on level 5 of the Vaults)
 87976 | Vaults:5 | Reached skill level 22 in Spellcasting
 88043 | Vaults:5 | Gained mutation: Your rubbery body absorbs attacks. (AC +1,
                  | EV +1) [Jiyva's grace]
 88267 | Vaults:5 | Found the +3 crown of Dyrovepreva {rElec Int+2 SInv}
 88630 | Vaults:5 | Got a silver rune of Zot
 88637 | Vaults:5 | Identified Nabluderph's Handbook of the Blaze
 88770 | Vaults:5 | Reached skill level 10 in Polearms
 89089 | Vaults:5 | Gained mutation: Your mind is acute. (Int +2) [Jiyva's
                  | grace]
 89131 | Vaults:5 | Gained mutation: You have acidic saliva. [Jiyva's grace]
 89162 | Vaults:5 | Gained mutation: You are agile. (Dex +2) [Jiyva's grace]
 89219 | Vaults:5 | Gained mutation: Your muscles are strong. (Str +2) [Jiyva's
                  | grace]
 89589 | Vaults:5 | Was forgiven by Gozag
 89652 | Vaults:5 | Gained mutation: You are resistant to electric shocks.
                  | (rElec) [Jiyva's grace]
 89697 | Vaults:5 | Gained mutation: You are covered in slimy tendrils that may
                  | disarm your opponents. [Jiyva's grace]
 89713 | Vaults:5 | Gained mutation: Your translucent skin slightly reduces
                  | your foes' accuracy. (Stealth) [Jiyva's grace]
 89769 | Vaults:5 | Was placed under penance by Jiyva
 89980 | Vaults:5 | Was forgiven by Jiyva
 89991 | Vaults:5 | Gained mutation: You are very agile. (Dex +4) [Jiyva's
                  | grace]
 90960 | Vaults:5 | Identified the ring of Vanity {rElec Stlth-} (You took it
                  | off a yaktaur captain on level 5 of the Vaults)
 91019 | Vaults:5 | Lost mutation: You possess an exceptional clarity of mind.
                  | [Jiyva's grace]
 91821 | Elf:2    | Reached XP level 24. HP: 131/136 MP: 28/50
 91894 | Elf:2    | Lost mutation: Your muscles are strong. (Str +2) [Jiyva's
                  | grace]
 92004 | Elf:2    | Lost mutation: You are very agile. (Dex +4) [Jiyva's grace]
 92127 | Elf:2    | Lost mutation: You are agile. (Dex +2) [Jiyva's grace]
 92333 | Elf:2    | Killed karf's ghost
 92545 | Elf:1    | Found a runed gate.
 92545 | Elf:1    | Found a runed gate.
 92548 | Elf:1    | Gained mutation: You have a pair of small horns on your
                  | head. [Jiyva's grace]
 92549 | Elf:1    | Found a runed gate.
 92551 | Elf:1    | Noticed Flure's ghost (journeyman DEFE)
 92567 | Elf:1    | Killed Flure's ghost
 92567 | Elf:1    | Gained mutation: You are clumsy. (Dex -2) [a cacodemon]
 92588 | Elf:1    | Lost mutation: You are clumsy. (Dex -2) [Jiyva's power]
 92590 | Elf:1    | Identified the +2 robe "Ahaih" {rN+} (You found it on level
                  | 1 of the Elven Halls)
 92638 | Elf:1    | Lost mutation: Your mind is acute. (Int +2) [Jiyva's grace]
 93031 | Zot:1    | Entered Level 1 of the Realm of Zot
 94072 | Zot:1    | Noticed an orb of fire
 94247 | Zot:1    | Killed an orb of fire
 94304 | Zot:1    | Learned a level 3 spell: Spectral Weapon
 94355 | Zot:1    | Lost mutation: You have a small jelly attached to you that
                  | may absorb incoming projectiles. [Jiyva's grace]
 94509 | Zot:1    | Reached skill level 1 in Charms
 94621 | Zot:1    | Lost mutation: You are partially covered in large bone
                  | plates. (SH +4) [Jiyva's grace]
 95896 | Zot:2    | Gained mutation: Your spells are a little harder to cast,
                  | but a little more powerful. [Jiyva's grace]
 95950 | Zot:2    | Lost mutation: You have acidic saliva. [Jiyva's grace]
 95965 | Zot:2    | Gained mutation: Your muscles are strong. (Str +2) [Jiyva's
                  | grace]
 96011 | Zot:2    | Noticed an orb of fire
 96015 | Zot:2    | Killed an orb of fire
 96038 | Zot:2    | Reached XP level 25. HP: 84/142 MP: 39/50
 96179 | Zot:2    | Identified the +1 dagger of Shrieking Terror {pierce, Str+4
                  | Int+4} (You found it on level 2 of the Realm of Zot)
 96256 | Zot:2    | Lost mutation: You are partially covered in molten scales.
                  | (AC +2) [Jiyva's grace]
 96880 | Zot:2    | Lost mutation: Your translucent skin slightly reduces your
                  | foes' accuracy. (Stealth) [Jiyva's grace]
 97299 | Zot:3    | Gained mutation: You have a small jelly attached to you
                  | that may absorb incoming projectiles. [Jiyva's grace]
 97318 | Zot:3    | Lost mutation: Your spells are a little harder to cast, but
                  | a little more powerful. [Jiyva's grace]
 97407 | Zot:3    | Lost mutation: You are covered in slimy tendrils that may
                  | disarm your opponents. [Jiyva's grace]
 97822 | Zot:4    | Lost mutation: Your muscles are strong. (Str +2) [Jiyva's
                  | grace]
 97912 | Zot:4    | Reached skill level 23 in Spellcasting
 97933 | Zot:4    | Gained mutation: You have acidic saliva. [Jiyva's grace]
 97963 | Zot:4    | Lost mutation: You have a pair of small horns on your head.
                  | [Jiyva's grace]
 98191 | Zot:5    | Entered Level 5 of the Realm of Zot
 98994 | Zot:5    | Reached XP level 26. HP: 115/149 MP: 36/51
 99002 | Zot:5    | Paralysed by the power of Zot for 4 turns
 99411 | Zot:5    | Noticed an orb of fire
 99437 | Zot:5    | Gained mutation: Your spells are a little easier to cast,
                  | but a little less powerful. [an orb of fire]
 99446 | Zot:5    | Gained mutation: Your magical capacity is low. (-10% MP)
                  | [an orb of fire]
 99448 | Zot:5    | Gained mutation: You are clumsy. (Dex -2) [an orb of fire]
 99479 | Zot:5    | Gained mutation: Your spells are easier to cast, but less
                  | powerful. [an orb of fire]
 99481 | Zot:4    | Lost mutation: Your magical capacity is low. (-10% MP)
                  | [Jiyva's power]
 99482 | Zot:4    | Lost mutation: Your spells are easier to cast, but less
                  | powerful. [Jiyva's power]
 99483 | Zot:4    | Lost mutation: You are clumsy. (Dex -2) [Jiyva's power]
 99729 | Zot:5    | Gained mutation: You occasionally shout uncontrollably at
                  | your foes. [an orb of fire]
 99750 | Zot:5    | Gained mutation: Your body sometimes deteriorates upon
                  | taking damage. [an orb of fire]
 99788 | Zot:3    | Lost mutation: Your spells are a little easier to cast, but
                  | a little less powerful. [Jiyva's power]
 99958 | Depths:1 | Gained mutation: Your spells are a little harder to cast,
                  | but a little more powerful. [Jiyva's grace]
100069 | D:15     | Identified the +12 short sword of Makhleb's Whim {freeze,
                  | Str+3} (You found it on level 15 of the Dungeon)
100232 | Vaults:3 | Lost mutation: Your body sometimes deteriorates upon taking
                  | damage. [Jiyva's power]
100245 | Vaults:3 | Gained mutation: You have an increased reservoir of magic.
                  | (+10% MP) [Jiyva's grace]
100249 | Crypt:1  | Entered Level 1 of the Crypt
100321 | Vaults:3 | Lost mutation: You occasionally shout uncontrollably at
                  | your foes. [Jiyva's power]
100701 | Crypt:1  | Found an ancient bone altar of Kikubaaqudgha.
100724 | Crypt:1  | Gained mutation: You have very sharp teeth. [Jiyva's grace]
100847 | Crypt:1  | Noticed Bai Suzhen
100864 | Crypt:1  | Killed Bai Suzhen
101391 | Crypt:2  | Reached skill level 15 in Stealth
101783 | Vaults:5 | Gained mutation: You have a pair of small antennae on your
                  | head. [Jiyva's grace]
102087 | Crypt:2  | Identified the +1 robe of Crawling {+Blink Str-2 Dex+3}
                  | (You found it on level 2 of the Crypt)
102250 | Crypt:2  | Was placed under penance by Jiyva
102306 | Crypt:2  | Was forgiven by Jiyva
102400 | Crypt:2  | Learned a level 4 spell: Passage of Golubria
102461 | Crypt:3  | Entered Level 3 of the Crypt
102502 | Crypt:3  | Lost mutation: You have a small jelly attached to you that
                  | may absorb incoming projectiles. [Jiyva's grace]
102759 | Crypt:3  | Found a basalt altar of Yredelemnul.
102930 | Crypt:3  | Gained mutation: You are agile. (Dex +2) [Jiyva's grace]
103013 | Crypt:3  | Lost mutation: Your spells are a little harder to cast, but
                  | a little more powerful. [Jiyva's grace]
103060 | Crypt:3  | Gained mutation: You have a somewhat thin skeletal
                  | structure. (Dex +2, Stealth) [Jiyva's grace]
103215 | Crypt:3  | Found a staircase to the Tomb.
103221 | Crypt:3  | Identified the Handbook of Igneous Changing
103341 | Crypt:3  | Gained mutation: Your body has grown golden eyes which may
                  | confuse attackers. (Acc +3) [Jiyva's grace]
103852 | Depths:1 | Lost mutation: You are resistant to electric shocks.
                  | (rElec) [Jiyva's grace]
103867 | Depths:1 | Voluntarily entered the Abyss.
104188 | Abyss:2  | Found a sacrificial altar of Ru.
104230 | Abyss:2  | Found a corrupted altar of Lugonu.
105921 | Abyss:4  | Reached XP level 27. HP: 107/154 MP: 42/56
106137 | Abyss:4  | Got an abyssal rune of Zot
106272 | Depths:1 | Escaped the Abyss
106341 | Hell     | Entered the Vestibule of Hell
106341 | Hell     | Noticed Geryon
106417 | Hell     | Killed Geryon
106515 | Hell     | Found a gateway to the Iron City of Dis.
106713 | Depths:1 | Gained mutation: Armour fits poorly on your pseudopods.
                  | [Jiyva's grace]
106980 | Hell     | Found a gateway to the decaying netherworld of Tartarus.
107320 | Hell     | Lost mutation: You have an increased reservoir of magic.
                  | (+10% MP) [Jiyva's grace]
107356 | Hell     | Lost mutation: Armour fits poorly on your pseudopods.
                  | [Jiyva's grace]
107358 | Hell     | Found a gateway to the ashen valley of Gehenna.
107670 | Hell     | Found a gateway to the freezing wastes of Cocytus.
107872 | Geh:1    | Entered Level 1 of Gehenna
108534 | Zot:4    | Gained mutation: Your body sometimes deteriorates upon
                  | taking damage. [an orb of fire]
108535 | Zot:4    | Gained mutation: You occasionally shout uncontrollably at
                  | your foes. [an orb of fire]
108542 | Zot:4    | Killed an orb of fire
108542 | Zot:4    | Reached skill level 1 in Evocations
108543 | Zot:4    | Lost mutation: You occasionally shout uncontrollably at
                  | your foes. [Jiyva's power]
108544 | Zot:4    | Lost mutation: Your body sometimes deteriorates upon taking
                  | damage. [Jiyva's power]
108776 | Zot:5    | Noticed an orb of fire
108780 | Zot:5    | Gained mutation: You are robust. (+10% HP) [an orb of fire]
109068 | Zot:5    | Killed an orb of fire
109097 | Zot:5    | Noticed an ancient lich
109130 | Zot:5    | Killed an ancient lich
109130 | Zot:5    | Reached skill level 10 in Conjurations
109488 | Zot:5    | Gained mutation: You are partially covered in slimy green
                  | scales. (AC +2) [Jiyva's grace]
109554 | Zot:4    | Learned a level 3 spell: Regeneration
109671 | Zot:5    | Noticed an orb of fire
109871 | Zot:4    | Reached skill level 24 in Spellcasting
109954 | Zot:4    | Gained mutation: Your spells are a little easier to cast,
                  | but a little less powerful. [an orb of fire]
109962 | Zot:4    | Killed an orb of fire
109965 | Zot:4    | Lost mutation: Your spells are a little easier to cast, but
                  | a little less powerful. [Jiyva's power]
110451 | Zot:5    | Noticed an ancient lich
110458 | Zot:5    | Killed an ancient lich
110508 | Zot:5    | Noticed an orb of fire
110738 | Zot:5    | Killed an orb of fire
110738 | Zot:5    | Reached skill level 5 in Evocations
110900 | Zot:5    | Gained mutation: Your body has grown many golden eyes which
                  | may confuse attackers. (Acc +5) [Jiyva's grace]
111203 | Zot:5    | Got the Orb of Zot
111323 | Zot:2    | Noticed Ukyluag the pandemonium lord
111345 | Zot:1    | Killed Ukyluag the pandemonium lord
111721 | D:$      | Escaped with the Orb!

Skill      XL: |  1  2  3  4  5  6  7  8  9 10 11 12 13 14 15 16 17 18 19 20 21 22 23 24 25 26 27 |
---------------+----------------------------------------------------------------------------------+-----
Spellcasting   | 3 4 5 6 7 9 10 11 12 13 14 15 16 17 18 19 20 21 22 23 24 | 24.4
Hexes          | 4 5 6 7 8 9 10 12 13 14 15 16 17 18 19 20 21 | 21.8
Fighting       | 1 2 3 4 5 7 9 11 12 13 14 15 16 17 18 19 | 19.8
Short Blades   | 2 3 4 5 6 7 8 9 10 | 10.0
Dodging        | 4 5 6 7 9 10 11 12 13 14 15 16 17 18 19 20 21 22 | 22.3
Stealth        | 5 6 7 9 10 11 13 14 16 | 16.5
Earth Magic    | 2 4 6 7 9 10 11 12 13 14 15 16 17 18 19 20 21 | 21.0
Polearms       | 1 3 4 5 6 8 9 10 11 12 | 12.0
Conjurations   | 2 3 4 5 6 7 8 9 10 | 10.3
Translocations | 3 4 |  4.6
Charms         | 4 |  4.7
Evocations     | 5 |  5.6

Action                   |  1- 3 |  4- 6 |  7- 9 | 10-12 | 13-15 | 16-18 | 19-21 | 22-24 | 25-27 || total
-------------------------+-------+-------+-------+-------+-------+-------+-------+-------+-------++-------
Melee: Dagger            |   177 |   192 |   594 |   466 |  1091 |  1313 |   988 |   194 |    38 ||  5053
       Staff             |       |       |       |       |       |     9 |    40 |     2 |     1 ||    52
       Lance             |       |       |       |       |       |    30 |   192 |   702 |  1390 ||  2314
       Bite              |       |       |       |       |       |       |       |    30 |   126 ||   156
       Headbutt          |       |       |       |       |       |       |       |    21 |    43 ||    64
       Pseudopods        |       |       |       |       |       |       |       |       |     4 ||     4
Throw: Tomahawk          |       |     5 |       |       |       |       |       |       |       ||     5
 Cast: Corona            |    39 |    21 |    63 |    24 |    13 |    29 |     4 |       |       ||   193
       Ensorcelled Hiber |     3 |       |     7 |    82 |    89 |    84 |    24 |       |       ||   289
       Confuse           |     2 |    26 |    74 |   115 |   335 |   467 |   413 |   109 |    39 ||  1580
       Tukima's Dance    |       |       |    10 |    27 |    88 |   100 |    92 |    38 |    14 ||   369
       Stone Arrow       |       |       |       |     7 |     5 |   149 |     1 |       |       ||   162
       Lee's Rapid Decon |       |       |       |       |     6 |    24 |    57 |    80 |    18 ||   185
       Silence           |       |       |       |       |       |     3 |     2 |     2 |     2 ||     9
       Iron Shot         |       |       |       |       |       |     8 |    90 |   300 |   274 ||   672
       Discord           |       |       |       |       |       |     9 |    45 |    14 |    47 ||   115
       Yara's Violent Un |       |       |       |       |       |     1 |    11 |    11 |     5 ||    28
       Borgnjor's Vile C |       |       |       |       |       |       |     9 |     5 |    71 ||    85
       Passwall          |       |       |       |       |       |       |     1 |       |       ||     1
       Apportation       |       |       |       |       |       |       |       |    45 |    48 ||    93
       Invisibility      |       |       |       |       |       |       |       |     3 |     7 ||    10
       Spectral Weapon   |       |       |       |       |       |       |       |    16 |   137 ||   153
       Lehudib's Crystal |       |       |       |       |       |       |       |       |    15 ||    15
       Regeneration      |       |       |       |       |       |       |       |       |     4 ||     4
Invok: Call Merchant     |       |       |       |     2 |     1 |     3 |     1 |       |       ||     7
       Cure Bad Mutation |       |       |       |       |       |       |       |     2 |     9 ||    11
       Request Jelly     |       |       |       |       |       |       |       |       |     6 ||     6
       Slimify           |       |       |       |       |       |       |       |       |     2 ||     2
Evoke: Wand              |       |       |     2 |     5 |    12 |    29 |    13 |    21 |     5 ||    87
       Phantom mirror    |       |       |       |       |     1 |       |       |       |       ||     1
       Lightning rod     |       |       |       |       |       |       |     5 |     5 |     1 ||    11
       Lamp of fire      |       |       |       |       |       |       |       |     2 |     3 ||     5
       Phial of floods   |       |       |       |       |       |       |       |     2 |     2 ||     4
  Use: Scroll            |       |     3 |     7 |    13 |    19 |    11 |    16 |    13 |     9 ||    91
       Potion            |       |     1 |     1 |     1 |     7 |    22 |    21 |     6 |    20 ||    79
 Stab: Sleeping          |     6 |     9 |    20 |    93 |   121 |    98 |    37 |    15 |    20 ||   419
       Confused          |     2 |    16 |    49 |    59 |   158 |   225 |   278 |    87 |    20 ||   894
       Distracted        |     1 |       |     1 |     4 |     8 |     5 |     7 |     5 |    35 ||    66
       Invisible         |       |       |       |       |       |       |     2 |     7 |    24 ||    33
       Paralysed         |       |       |       |       |       |       |     1 |       |       ||     1
  Eat: Ration            |       |     2 |     5 |     4 |     8 |    12 |    11 |       |       ||    42
Armor: Robe              |    22 |    11 |    23 |    17 |    40 |    58 |    29 |    63 |   102 ||   365
       Skin              |       |       |       |       |       |    11 |       |       |       ||    11
Dodge: Dodged            |   148 |   113 |   332 |   196 |   536 |   904 |   713 |   716 |  1064 ||  4722
Block: Other             |       |       |       |       |       |       |       |    69 |       ||    69
